General information
- name: BNet
- type: Ladder team game (AT/RT)
- host: Battle.net
- saver: FU.CKUINTHEFACE
map: MarketSquare
- players: 8
- length: 21:49
- speed: Fast
- version: 1.26 W3XP
- replay type: Public
» download(138 KB)
Players
team 1 (loser)
Phurious (
purple | 31 APM | 526 actions | 17:05)
4 Demon Hunter
2 Mana Burn
2 Evasion
» actions
| Basic commands | 1 | |
| Build / train | 66 | |
| Enter build submenu | 15 | |
| Enter hero's abilities submenu | 5 | |
| Remove unit from queue | 2 | |
| Right click | 195 | |
| Select / deselect | 215 | |
| Use ability | 27 | |
526 total
» units
| Wisp | 23 | |
| Archer | 14 | |
| Hippogryph | 9 | |
46 total
» upgrades
| Strength of the Moon | 3 | |
| Strength of the Wild | 1 | |
| Reinforced Hides | 0 | |
| Improved Bows | 1 | |
| Moon Armor | 3 | |
| Hippogryph Taming | 1 | |
| Marksmanship | 1 | |
10 total
» buildings
| Altar of Elders | 1 | |
| Moon Well | 5 | |
| Ancient of War | 1 | |
| Hunter's Hall | 1 | |
| Ancient Protector | 3 | |
| Tree of Ages | 1 | |
| Tree of Life | 1 | |
| Ancient of Wind | 3 | |
| Tree of Eternity | 1 | |
17 total
» build order
00:13 Altar of Elders
00:25 Moon Well
00:38 Ancient of War
01:30 Moon Well
02:12 Hunter's Hall
03:10 Moon Well
03:48 Ancient Protector
03:51 Ancient Protector
03:59 Ancient Protector
05:40 Tree of Ages
07:16 Tree of Life
08:14 Ancient of Wind
08:17 Ancient of Wind
08:19 Ancient of Wind
09:02 Moon Well
11:02 Moon Well
11:07 Tree of Eternity
» items
WHYBLOCKJAKEY (
blue | 62 APM | 1345 actions | 21:48)
5 Blood Mage
2 Banish
3 Flame Strike
» actions
| Assign group hotkey | 46 | |
| Basic commands | 5 | |
| Build / train | 82 | |
| Enter build submenu | 28 | |
| Enter hero's abilities submenu | 4 | |
| Give item / drop item | 1 | |
| Right click | 467 | |
| Select / deselect | 200 | |
| Select group hotkey | 405 | |
| Use ability | 107 | |
1345 total
» units
| Peasant | 22 | |
| Footman | 4 | |
| Sorceress | 3 | |
| Gryphon Rider | 2 | |
| Dragonhawk Rider | 4 | |
35 total
» upgrades
| Masonry | 3 | |
| Lumber Harvesting | 2 | |
| Sorceress Training | 2 | |
| Magic Sentry | 1 | |
8 total
» buildings
| Altar of Kings | 1 | |
| Barracks | 1 | |
| Farm | 12 | |
| Scout Tower | 30 | |
| Arcane Tower | 1 | |
| Lumber Mill | 1 | |
| Town Hall | 1 | |
| Guard Tower | 19 | |
| Keep | 1 | |
| Arcane Sanctum | 1 | |
| Gryphon Aviary | 3 | |
| Castle | 2 | |
| Arcane Vault | 1 | |
74 total
» build order
00:07 Altar of Kings
00:22 Barracks
00:37 Farm
00:53 Farm
01:26 Farm
01:58 Scout Tower
02:28 Arcane Tower
02:53 Lumber Mill
03:33 Farm
04:17 Town Hall
04:32 Scout Tower
04:32 Scout Tower
05:10 Guard Tower
05:12 Keep
05:35 Scout Tower
05:36 Scout Tower
06:19 Guard Tower
07:34 Arcane Sanctum
07:47 Gryphon Aviary
08:15 Castle
08:15 Castle
08:23 Scout Tower
08:24 Scout Tower
08:25 Scout Tower
08:25 Scout Tower
09:26 Guard Tower
10:05 Scout Tower
10:05 Scout Tower
10:05 Scout Tower
10:06 Scout Tower
10:36 Guard Tower
10:36 Guard Tower
10:53 Gryphon Aviary
11:03 Scout Tower
11:17 Scout Tower
11:18 Scout Tower
11:18 Scout Tower
11:20 Scout Tower
11:50 Guard Tower
11:50 Guard Tower
11:50 Guard Tower
11:52 Guard Tower
11:53 Guard Tower
12:51 Arcane Vault
13:01 Farm
13:03 Farm
13:04 Farm
13:30 Scout Tower
13:31 Scout Tower
13:32 Scout Tower
13:32 Scout Tower
14:19 Scout Tower
14:20 Scout Tower
14:21 Scout Tower
14:21 Scout Tower
14:24 Guard Tower
14:48 Guard Tower
14:48 Guard Tower
14:54 Scout Tower
14:54 Scout Tower
14:55 Scout Tower
14:55 Scout Tower
15:51 Guard Tower
15:52 Guard Tower
15:57 Farm
15:57 Farm
15:58 Farm
15:59 Farm
15:59 Farm
16:10 Guard Tower
16:11 Guard Tower
18:27 Gryphon Aviary
» items
| Staff of Teleportation | 1 | |
| Potion of Invisibility | 2 | |
| Potion of Lesser Invulnerability | 1 | |
| Potion of Mana | 3 | |
| Lesser Clarity Potion | 1 | |
| Scroll of Town Portal | 1 | |
9 total

»
Wheels (
orange | 31 APM | 489 actions | 15:43)
4 Blademaster
2 Wind Walk
2 Critical Strike
1 Shadow Hunter
1 Hex
» actions
| Assign group hotkey | 19 | |
| Basic commands | 3 | |
| Build / train | 39 | |
| Enter build submenu | 22 | |
| Enter hero's abilities submenu | 5 | |
| Give item / drop item | 1 | |
| Remove unit from queue | 2 | |
| Right click | 195 | |
| Select / deselect | 122 | |
| Select group hotkey | 46 | |
| Use ability | 35 | |
489 total
» units
| Peon | 9 | |
| Grunt | 2 | |
| Troll Headhunter/Berserker | 6 | |
17 total
» upgrades
| Armor | 1 | |
| Ranged Weapons | 2 | |
| Spiked Barricades | 1 | |
| Troll Regeneration | 1 | |
| Shaman Training | 1 | |
6 total
» buildings
| Orc Burrow | 7 | |
| Altar of Storms | 1 | |
| Barracks | 1 | |
| War Mill | 1 | |
| Stronghold | 1 | |
| Voodoo Lounge | 1 | |
| Watch Tower | 2 | |
| Fortress | 1 | |
| Spirit Lodge | 1 | |
| Beastiary | 1 | |
17 total
» build order
00:17 Orc Burrow
00:24 Altar of Storms
01:04 Barracks
01:38 War Mill
03:34 Orc Burrow
03:36 Orc Burrow
04:06 Stronghold
04:25 Voodoo Lounge
05:46 Watch Tower
05:47 Watch Tower
06:36 Orc Burrow
06:43 Orc Burrow
07:29 Fortress
07:41 Spirit Lodge
07:46 Orc Burrow
10:39 Beastiary
10:47 Orc Burrow
» items
| Boots of Speed | 1 | |
| Scroll of Healing | 1 | |
| Lesser Clarity Potion | 1 | |
| Healing Salve | 1 | |
| Orb of Lightning | 1 | |
5 total
2064265555 (
yellow | 32 APM | 561 actions | 17:20)
3 Archmage
1 Summon Water Elemental
2 Brilliance Aura
1 Mountain King
1 Storm Bolt
» actions
| Basic commands | 8 | |
| Build / train | 50 | |
| Enter build submenu | 19 | |
| Enter hero's abilities submenu | 4 | |
| Give item / drop item | 2 | |
| Remove unit from queue | 1 | |
| Right click | 245 | |
| Select / deselect | 191 | |
| Use ability | 41 | |
561 total
» units
| Peasant | 14 | |
| Footman | 7 | |
| Flying Machine | 5 | |
26 total
» upgrades
| Masonry | 1 | |
| Magic Sentry | 1 | |
| Plating | 1 | |
| Gunpowder | 1 | |
4 total
» buildings
| Barracks | 1 | |
| Farm | 8 | |
| Altar of Kings | 1 | |
| Scout Tower | 1 | |
| Arcane Vault | 1 | |
| Town Hall | 1 | |
| Keep | 1 | |
| Lumber Mill | 1 | |
| Castle | 1 | |
| Blacksmith | 1 | |
| Arcane Sanctum | 1 | |
| Workshop | 1 | |
19 total
» build order
00:16 Barracks
00:29 Farm
00:43 Altar of Kings
01:21 Farm
02:26 Farm
02:49 Scout Tower
03:11 Arcane Vault
05:10 Farm
05:12 Farm
05:16 Farm
06:30 Town Hall
06:54 Keep
07:38 Farm
07:43 Farm
08:33 Lumber Mill
09:19 Castle
10:28 Blacksmith
10:33 Arcane Sanctum
12:14 Workshop
» items
| Scroll of Regeneration | 2 | |
| Lesser Clarity Potion | 1 | |
| Mechanical Critter | 4 | |
| Orb of Lightning | 1 | |
| Healing Salve | 1 | |
| Staff of Sanctuary | 1 | |
| Scroll of Speed | 1 | |
11 total
team 2 (winner)
rookieboba (
pink | 68 APM | 1286 actions | 18:55)
5 Priestess of the Moon
2 Searing Arrows
3 Trueshot Aura
» actions
| Assign group hotkey | 239 | |
| Basic commands | 288 | |
| Build / train | 57 | |
| ESC pressed | 3 | |
| Enter build submenu | 18 | |
| Enter hero's abilities submenu | 5 | |
| Right click | 217 | |
| Select / deselect | 152 | |
| Select group hotkey | 260 | |
| Use ability | 47 | |
1286 total
» units
» upgrades
| Strength of the Wild | 1 | |
| Reinforced Hides | 1 | |
| Sentinel | 1 | |
| Abolish Magic | 1 | |
4 total
» buildings
| Moon Well | 7 | |
| Altar of Elders | 1 | |
| Hunter's Hall | 1 | |
| Ancient of War | 2 | |
| Ancient Protector | 2 | |
| Ancient of Wonders | 1 | |
| Tree of Ages | 1 | |
| Tree of Life | 1 | |
| Ancient of Lore | 2 | |
18 total
» build order
00:04 Moon Well
00:06 Altar of Elders
00:58 Moon Well
01:20 Moon Well
02:12 Hunter's Hall
02:28 Ancient of War
02:43 Ancient of War
03:15 Ancient Protector
03:31 Moon Well
04:36 Moon Well
05:12 Ancient Protector
06:22 Ancient of Wonders
07:01 Tree of Ages
07:34 Moon Well
08:50 Moon Well
10:47 Tree of Life
11:17 Ancient of Lore
11:19 Ancient of Lore
» items
| Scroll of Town Portal | 2 | |
| Potion of Healing | 2 | |
4 total
BoysRBackInTown (
green | 55 APM | 1200 actions | 21:47)
7 Archmage
3 Summon Water Elemental
3 Brilliance Aura
1 Mass Teleport
» actions
| Assign group hotkey | 101 | |
| Basic commands | 44 | |
| Build / train | 57 | |
| Enter build submenu | 24 | |
| Enter hero's abilities submenu | 7 | |
| Give item / drop item | 2 | |
| Remove unit from queue | 1 | |
| Right click | 463 | |
| Select / deselect | 286 | |
| Select group hotkey | 135 | |
| Use ability | 80 | |
1200 total
» units
| Peasant | 12 | |
| Footman | 4 | |
| Gryphon Rider | 9 | |
25 total
» upgrades
| Lumber Harvesting | 2 | |
| Swords | 3 | |
| Armor | 3 | |
| Animal War Training | 1 | |
| Masonry | 3 | |
| Storm Hammers | 1 | |
| Cloud | 1 | |
14 total
» buildings
| Altar of Kings | 1 | |
| Barracks | 1 | |
| Farm | 6 | |
| Lumber Mill | 2 | |
| Keep | 1 | |
| Town Hall | 1 | |
| Scout Tower | 5 | |
| Guard Tower | 1 | |
| Castle | 1 | |
| Blacksmith | 2 | |
| Gryphon Aviary | 4 | |
| Arcane Vault | 1 | |
26 total
» build order
00:51 Altar of Kings
00:53 Barracks
00:55 Farm
01:06 Farm
01:07 Farm
01:36 Farm
03:02 Lumber Mill
03:52 Keep
04:04 Town Hall
05:23 Scout Tower
05:24 Scout Tower
05:26 Scout Tower
05:28 Scout Tower
05:29 Scout Tower
06:36 Guard Tower
06:38 Castle
09:23 Blacksmith
09:25 Blacksmith
09:31 Gryphon Aviary
09:31 Gryphon Aviary
09:32 Gryphon Aviary
09:32 Gryphon Aviary
09:41 Farm
09:43 Farm
10:11 Arcane Vault
18:28 Lumber Mill
» items
| Periapt of Vitality | 1 | |
| Potion of Lesser Invulnerability | 1 | |
| Scroll of Regeneration | 1 | |
| Mechanical Critter | 3 | |
6 total
FU.CKUINTHEFACE (
teal | 87 APM | 1894 actions | 21:49)
5 Crypt Lord
3 Carrion Beetles
2 Spiked Carapace
3 Death Knight
2 Death Coil
1 Unholy Aura
» actions
| Assign group hotkey | 64 | |
| Basic commands | 52 | |
| Build / train | 95 | |
| ESC pressed | 5 | |
| Enter build submenu | 22 | |
| Enter hero's abilities submenu | 8 | |
| Give item / drop item | 8 | |
| Remove unit from queue | 1 | |
| Right click | 748 | |
| Select / deselect | 269 | |
| Select group hotkey | 486 | |
| Use ability | 136 | |
1894 total
» units
| Acolyte | 7 | |
| Ghoul | 4 | |
| Crypt Fiend | 10 | |
| Meatwagon | 1 | |
| Abomination | 3 | |
| Obsidian Statue | 3 | |
| Frost Wyrm | 4 | |
32 total
» upgrades
| Creature Carapace | 4 | |
| Unholy Strength | 1 | |
| Burrow | 1 | |
| Unholy Armor | 4 | |
| Disease Cloud | 1 | |
| Web | 1 | |
| Creature Attack | 2 | |
| Destroyer Form | 1 | |
15 total
» buildings
| Graveyard | 1 | |
| Crypt | 1 | |
| Altar of Darkness | 1 | |
| Ziggurat | 9 | |
| Tomb of Relics | 1 | |
| Halls of the Dead | 3 | |
| Black Citadel | 1 | |
| Slaughterhouse | 2 | |
| Necropolis | 1 | |
| Nerubian Tower | 8 | |
| Spirit Tower | 9 | |
| Sacrificial Pit | 1 | |
| Boneyard | 2 | |
40 total
» build order
00:11 Graveyard
00:14 Crypt
00:31 Altar of Darkness
00:48 Ziggurat
01:15 Tomb of Relics
01:51 Ziggurat
03:45 Halls of the Dead
03:46 Halls of the Dead
03:46 Halls of the Dead
03:53 Ziggurat
05:45 Ziggurat
06:21 Black Citadel
07:26 Slaughterhouse
11:03 Necropolis
11:27 Nerubian Tower
11:28 Nerubian Tower
12:48 Ziggurat
12:49 Ziggurat
12:50 Ziggurat
12:51 Ziggurat
12:52 Ziggurat
13:49 Spirit Tower
13:49 Spirit Tower
13:50 Spirit Tower
13:50 Spirit Tower
13:51 Spirit Tower
13:52 Spirit Tower
13:53 Nerubian Tower
13:53 Nerubian Tower
14:03 Spirit Tower
15:48 Sacrificial Pit
15:51 Slaughterhouse
16:48 Boneyard
17:46 Boneyard
» items
| Rod of Necromancy | 2 | |
| Boots of Speed | 2 | |
| Periapt of Vitality | 2 | |
| Staff of Teleportation | 1 | |
| Scroll of Town Portal | 2 | |
| Orb of Corruption | 1 | |
| Scroll of Healing | 1 | |
11 total
SAUCEBOSS187 (
red | 36 APM | 724 actions | 20:20)
5 Blademaster
3 Wind Walk
2 Mirror Image
» actions
| Assign group hotkey | 6 | |
| Basic commands | 2 | |
| Build / train | 41 | |
| Enter build submenu | 26 | |
| Enter hero's abilities submenu | 5 | |
| Right click | 291 | |
| Select / deselect | 284 | |
| Select group hotkey | 21 | |
| Use ability | 48 | |
724 total
» units
| Grunt | 4 | |
| Peon | 15 | |
| Troll Headhunter/Berserker | 1 | |
| Wind Rider | 10 | |
30 total
» upgrades
» buildings
| Altar of Storms | 1 | |
| Barracks | 2 | |
| Orc Burrow | 11 | |
| War Mill | 1 | |
| Stronghold | 1 | |
| Beastiary | 2 | |
| Voodoo Lounge | 1 | |
| Great Hall | 1 | |
| Watch Tower | 6 | |
26 total
» build order
00:10 Altar of Storms
00:13 Barracks
00:15 Orc Burrow
00:19 Barracks
02:22 War Mill
05:20 Orc Burrow
05:22 Orc Burrow
06:34 Stronghold
09:37 Beastiary
09:39 Beastiary
09:47 Voodoo Lounge
10:50 Orc Burrow
11:03 Orc Burrow
15:45 Orc Burrow
15:50 Orc Burrow
15:52 Orc Burrow
15:57 Orc Burrow
16:36 Great Hall
17:20 Watch Tower
17:24 Watch Tower
17:27 Watch Tower
17:34 Orc Burrow
18:40 Orc Burrow
20:03 Watch Tower
20:07 Watch Tower
20:13 Watch Tower
Chat log
(00:08 / All) BoysRBackInTown: Do this thing this type of thing
(00:13 / All) BoysRBackInTown: Put a little money in this type of thing
(00:20 / All) BoysRBackInTown: I got nothing to worry about, I got nothing to worry about
(00:28 / Allies) rookieboba: teal hero rush ?
(00:36 / Allies) FU.CKUINTHEFACE: no
(00:46 / Allies) rookieboba: all creep together ?
(00:52 / All) 2064265555: anyone watch Arrow tonight?
(01:03 / Allies) BoysRBackInTown: pink you new?
(01:03 / All) WHYBLOCKJAKEY: i watched house of cards
(01:06 / All) WHYBLOCKJAKEY: and gam eof thrones
(01:12 / All) 2064265555: got good?
(01:13 / Allies) rookieboba: new to what?
(01:16 / Allies) BoysRBackInTown: this gmae
(01:23 / Allies) rookieboba: all new to this game
(01:26 / Allies) BoysRBackInTown: I just canceled first peon lol shit
(01:32 / Allies) rookieboba: though played wc for 5 years
(01:42 / Allies) BoysRBackInTown: why do you need help creeping oranges
(01:43 / All) WHYBLOCKJAKEY: got great
(01:54 / Allies) rookieboba: orange ?
(02:00 / Allies) FU.CKUINTHEFACE: I forget how to play too
(02:05 / Allies) FU.CKUINTHEFACE: and I never have known how to play undead
(02:14 / Allies) rookieboba: i go harass
(02:35 / All) 2064265555: what happened on GOT?
(02:55 / Allies) rookieboba: teal come help
(02:56 / All) FU.CKUINTHEFACE: who cares, books are better
(03:04 / Allies) rookieboba: teal come help
(03:07 / Allies) FU.CKUINTHEFACE: I can creep myself
(03:08 / Allies) rookieboba: teal come
(03:12 / Allies) rookieboba: lol
(03:14 / Allies) FU.CKUINTHEFACE: I don't want to rush
(03:19 / Allies) rookieboba: protect my base together
(03:21 / All) 2064265555: im going to listen on cd in the car
(03:26 / All) SAUCEBOSS187: baylish takes sansa to the north
(03:28 / All) 2064265555: the show is great tbh
(03:31 / All) SAUCEBOSS187: to marry some cunt
(03:32 / All) BoysRBackInTown: Jon Snow is a targaryan
(03:41 / All) 2064265555: lol
(03:47 / All) WHYBLOCKJAKEY: john snow's mom is cersei
(03:49 / All) 2064265555: lies!
(03:55 / All) SAUCEBOSS187: I am serious
(03:58 / All) 2064265555: omg im gonna fap now
(04:00 / All) SAUCEBOSS187: Who is the guy who flays people
(04:04 / All) SAUCEBOSS187: thats who she has to marry
(04:05 / All) FU.CKUINTHEFACE: Me
(04:06 / All) 2064265555: Ramsey
(04:07 / All) BoysRBackInTown: Jon is son of Lyanna Stark
(04:08 / All) FU.CKUINTHEFACE: I flay people
(04:10 / All) BoysRBackInTown: And Rhaegar
(04:12 / All) FU.CKUINTHEFACE: I will fucking skin you in this match
(04:14 / All) FU.CKUINTHEFACE: come fight me bitch
(04:17 / All) SAUCEBOSS187: ye Ramsey, she has to marry him
(04:23 / All) SAUCEBOSS187: the boltons there we go
(04:46 / Allies) rookieboba: weird team
(04:46 / All) 2064265555: Sansa got sexy for a minute
(04:51 / Allies) rookieboba: red move pls
(04:54 / All) SAUCEBOSS187: shes going to marry ramsey because then the niggas at kings landing are going to shit on the boltons
(04:59 / All) SAUCEBOSS187: but they need sansa to control the north
(05:04 / All) SAUCEBOSS187: so she is just playing chess atm
(05:32 / All) SAUCEBOSS187: oh yeah and Snow is elected captain of the nights watch
(05:43 / All) SAUCEBOSS187: stannis offers to officially change his name to stark and rule the north but he says no
(05:43 / All) 2064265555: Snow is better lately
(05:50 / All) WHYBLOCKJAKEY: he shot mance raydar tho
(05:56 / All) 2064265555: tight
(05:56 / All) SAUCEBOSS187: ^
(05:56 / All) FU.CKUINTHEFACE: Snow is always good if you homos read the books
(06:01 / All) FU.CKUINTHEFACE: illiterate shits
(06:05 / All) 2064265555: they are making snow too cool now
(06:13 / All) SAUCEBOSS187: snow is like aragorn from LotR
(06:24 / All) SAUCEBOSS187: like u know this nigga is going to come up but he is just difficult
(06:36 / Allies) FU.CKUINTHEFACE: repair
(06:39 / All) 2064265555: i read those books
(06:41 / Allies) FU.CKUINTHEFACE: nvm
(06:48 / Allies) BoysRBackInTown: creep mid
(06:53 / All) FU.CKUINTHEFACE: what the fuck is that attack
(06:55 / All) FU.CKUINTHEFACE: free footies?
(06:58 / All) FU.CKUINTHEFACE: you fucking moron
(08:00 / Allies) rookieboba: check
(08:05 / Allies) BoysRBackInTown: tome of power for level 1 hero
(08:06 / Allies) BoysRBackInTown: LOL
(08:12 / Allies) FU.CKUINTHEFACE: pro
(08:17 / Allies) FU.CKUINTHEFACE: red is a good player
(08:20 / Allies) FU.CKUINTHEFACE: I can tell
(08:27 / All) 2064265555: in LOTR Aarogon was belegeried
(08:27 / Allies) BoysRBackInTown: I'd be level 5
(08:37 / Allies) FU.CKUINTHEFACE: want my claws?
(08:39 / Allies) FU.CKUINTHEFACE: I have 3
(08:47 / Allies) FU.CKUINTHEFACE: oh
(08:49 / All) WHYBLOCKJAKEY: still better than hobbit movies
(08:50 / Allies) FU.CKUINTHEFACE: nvm you're hu
(08:55 / All) 2064265555: absolutely
(09:00 / All) 2064265555: but im talking about the books
(09:07 / All) 2064265555: my fav was the similarian
(09:13 / Allies) rookieboba: giogo
(09:15 / All) BoysRBackInTown: I'd be close to level 6
(09:18 / All) BoysRBackInTown: just got tome of exp
(10:33 / Allies) SAUCEBOSS187: guys
(10:34 / Allies) SAUCEBOSS187: fucking hit
(10:39 / Allies) rookieboba: all meet mid
(10:41 / Allies) SAUCEBOSS187: all the towers are gone
(10:41 / Allies) SAUCEBOSS187: go
(10:47 / Allies) BoysRBackInTown: do something yourself
(10:49 / Allies) BoysRBackInTown: you're fucking orc
(10:54 / Allies) SAUCEBOSS187: I just did you clown
(11:00 / Allies) SAUCEBOSS187: while you finger your dickhole
(11:03 / Allies) BoysRBackInTown: lumbers
(11:20 / All) 2064265555: aria
(11:39 / All) 2064265555: did you know she is just 18 months younger than Sansa? in real life?
(12:38 / Allies) BoysRBackInTown: lumbers
(12:49 / Allies) SAUCEBOSS187: GREEN HAS 5K GOLD LMAAOO
(13:06 / Allies) SAUCEBOSS187: Gold me FAM
(13:24 / Allies) SAUCEBOSS187: green give me gold
(13:27 / Allies) SAUCEBOSS187: you have like 6k
(13:28 / Allies) SAUCEBOSS187: rofl
(13:48 / Allies) SAUCEBOSS187: useless fuck
(13:52 / Allies) rookieboba: give me 200
(14:34 / All) FU.CKUINTHEFACE: wow yellow sucks big time
(14:36 / All) FU.CKUINTHEFACE: first time playing?
(14:52 / All) BoysRBackInTown: AND THAT'S THE BOTTOM LINE
(14:56 / All) BoysRBackInTown: CUZ STONE COLD SAID SO
(16:14 / All) FU.CKUINTHEFACE: damn, I won't even get to do level 3 beetle harass this game
(16:20 / All) FU.CKUINTHEFACE: crypt lord invisiharass is the shit
(16:33 / All) BoysRBackInTown: AUSTIN 3:16 SAYS I JUST WHOPPED YOUR ASS
(16:41 / Allies) rookieboba: hero
(16:44 / All) rookieboba: i kil purple hero
(16:50 / Allies) FU.CKUINTHEFACE: wood
(16:52 / All) rookieboba: done
(17:13 / All) 2064265555: luckers
(17:15 / All) rookieboba: haha
(17:17 / All) FU.CKUINTHEFACE: am I lagging?
(17:20 / All) BoysRBackInTown: No luck all skill
(17:28 / All) rookieboba: no your brain lagging
(17:29 / All) FU.CKUINTHEFACE: pink and red were lucky
(17:34 / All) WHYBLOCKJAKEY: idiots could at least give me their wood
(17:37 / All) rookieboba: teal was idiot
(17:37 / All) FU.CKUINTHEFACE: What did you just say about me you little bitch?
(17:57 / Allies) rookieboba: just creeping till the end of game. so called teal IDIOT
(17:58 / Allies) rookieboba: hehe
(18:04 / All) SAUCEBOSS187: atta boYZ
(18:26 / Allies) rookieboba: rin odopt
(18:35 / All) FU.CKUINTHEFACE: target the hero with the invul pot
(18:40 / All) WHYBLOCKJAKEY: red
(18:43 / All) WHYBLOCKJAKEY: do u like men
(18:45 / All) WHYBLOCKJAKEY: like i do
(18:49 / All) SAUCEBOSS187: perhaps
(18:50 / All) FU.CKUINTHEFACE: Pink you suck
(18:52 / All) FU.CKUINTHEFACE: you are being raped
(18:52 / All) FU.CKUINTHEFACE: by me
(18:59 / All) FU.CKUINTHEFACE: LOL
(19:00 / All) FU.CKUINTHEFACE: LOL
(19:00 / All) FU.CKUINTHEFACE: LOL
(19:01 / All) FU.CKUINTHEFACE: LOL
(19:05 / All) FU.CKUINTHEFACE: HE JUST LEFT
(19:06 / All) FU.CKUINTHEFACE: LOL
(19:12 / All) FU.CKUINTHEFACE: TO T1 AND ABOMS AT HIS BASE
(19:16 / All) FU.CKUINTHEFACE: HAHAHAHA
(19:47 / All) BoysRBackInTown: *GLASS SHATTERS*
(20:09 / Allies) SAUCEBOSS187: greeen
(20:24 / All) FU.CKUINTHEFACE: damn
(20:26 / Allies) BoysRBackInTown: lawl shit
(20:27 / All) FU.CKUINTHEFACE: this game took care of itself
(20:37 / All) FU.CKUINTHEFACE: just when I was getting my endgame of destros and shit
(20:39 / All) WHYBLOCKJAKEY: that it did
(20:41 / All) FU.CKUINTHEFACE: and level 5/3 cl/dk
(20:41 / All) BoysRBackInTown: pussies
(20:55 / All) FU.CKUINTHEFACE: who should win?
(20:55 / All) WHYBLOCKJAKEY: oh purple was
(20:57 / All) FU.CKUINTHEFACE: I don't care at all
(21:10 / All) WHYBLOCKJAKEY: purple is that chick warfreakz aka gina
(21:13 / All) WHYBLOCKJAKEY: i think
(21:15 / All) BoysRBackInTown: our team should prob lose
(21:17 / All) FU.CKUINTHEFACE: really?
(21:18 / All) BoysRBackInTown: since they pussies
(21:22 / All) FU.CKUINTHEFACE: Purp is mina?
(21:26 / All) FU.CKUINTHEFACE: or is that someone else
(21:27 / All) WHYBLOCKJAKEY: no, gina
(21:29 / All) FU.CKUINTHEFACE: oh
(21:32 / All) FU.CKUINTHEFACE: warfreakz sounds familiar
(21:42 / All) WHYBLOCKJAKEY: i leave then, one more game?
(21:45 / All) BoysRBackInTown: L:et's play another since this one was short
(21:46 / All) FU.CKUINTHEFACE: k